Map: Acropolis LE

Players

StarFoxX - Winner!

  • Race: Protoss Protoss
  • League: Diamond
  • Spawn Location: 11:00

eXile

  • Race: Zerg Zerg
  • League: Diamond
  • Spawn Location: 5:00

VOD

Have the link to the VOD?

Description

Time

  • Played on: July 27, 2019, 2:31 p.m.
  • Length: 10:23
Show
View Real Time Build Order
Export as new Build Order

StarFoxX Protoss - Winner!

Build Orders: 1 Gate Expand 

Get SALT Encoding   

  12  0:01  Probe  
  13  0:13  Probe  
  14  0:21  Pylon  
  14  0:25  Probe  
  15  0:36  Probe  
  15  0:41  Gateway  
  16  0:44  Probe  
  17  0:51  Assimilator  
  17  0:53  Probe  
  18  1:05  Probe  
  19  1:17  Probe  
  20  1:27  Nexus  
  20  1:37  Cybernetics Core  
  20  1:43  Assimilator  
  20  1:45  Probe  
  21  1:57  Probe  
  21  1:59  Pylon  
  22  2:09  Probe  
  22  2:10  Adept  
  23  2:16  Warp Gate  
  25  2:24  Probe  
  25  2:25  Twilight Council  
  26  2:35  Probe  
  26  2:37  Stalker  
  27  2:38  Probe  
  27  2:43  Probe  
  30  2:46  Probe  
  31  3:07  Probe  
  31  3:11  Probe  
  29  3:15  Probe  
  30  3:20  Gateway  
  30  3:23  Probe  
  30  3:25  Probe  
  31  3:31  Robotics Facility  
  32  3:35  Probe  
  32  3:37  Probe  
  32  3:39  Shield Battery  
  34  3:47  Probe  
  35  3:49  Probe  
  36  3:55  Gateway  
  36  3:58  Charge  
  36  3:59  Probe  
  36  4:00  Gateway  
  37  4:18  Assimilator  
  37  4:22  Assimilator  
  37  4:23  Warp Prism  
  39  4:45  Zealot x2  
  43  5:08  Probe x2  
  45  5:20  Pylon  
  45  5:24  Gateway  
  45  5:25  Gateway  
  45  5:29  Gateway  
  45  5:31  Gateway  
  45  5:36  Gateway  
  45  5:38  Immortal  
  45  5:41  Zealot x2  
  53  5:49  Pylon  
  53  5:55  Gateway  
  53  5:56  Gateway  
  53  6:02  Pylon  
  53  6:08  Zealot x4  
  51  6:24  Warp Prism  
  53  6:33  Zealot x3  
  53  6:34  Zealot x5  
  69  6:41  Pylon  
  69  6:43  Pylon  
  69  6:46  Pylon  
  67  6:51  Zealot  
  69  6:58  Pylon  
  69  7:00  Pylon  
  69  7:02  Pylon  
  69  7:03  Pylon  
  69  7:15  Zealot x6  
  75  7:16  Zealot x2  
  67  7:26  Zealot x3, Immortal  
  67  7:43  Zealot x2  
  65  7:44  Sentry x2  
  65  7:55  Zealot x3  
  54  8:16  Zealot x3  
  58  8:23  Probe x2  
  60  8:35  Probe  
  60  8:37  Templar Archives  
  61  8:51  Pylon  
  61  8:53  Probe  
  61  8:54  Probe  
  53  9:04  Immortal  
  53  9:05  Zealot  
  53  9:06  Zealot  
  53  9:07  Zealot  
  47  9:30  Probe  
  47  9:31  Probe  
  48  9:43  High Templar x2  
  51  9:55  Archon  
Show
View Real Time Build Order
Export as new Build Order

eXile Zerg 

Build Orders: Hatch First 

Get SALT Encoding   

  12  0:01  Drone  
  13  0:12  Overlord  
  13  0:17  Drone  
  14  0:31  Drone x2  
  16  0:51  Hatchery  
  16  0:54  Drone  
  16  0:56  Drone  
  17  1:10  Extractor  
  16  1:13  Spawning Pool  
  15  1:19  Drone x2  
  15  1:22  Drone  
  18  1:30  Drone  
  19  1:41  Overlord  
  19  2:00  Queen  
  21  2:03  Queen  
  21  2:04  Zergling x6  
  26  2:11  Metabolic Boost  
  26  2:14  Drone  
  27  2:16  Drone  
  28  2:26  Drone  
  28  2:27  Drone  
  30  2:46  Queen  
  30  3:15  Drone  
  30  3:16  Drone x2  
  32  3:20  Roach Warren  
  32  3:21  Lair  
  32  3:23  Extractor, Evolution Chamber  
  32  3:26  Hatchery  
  28  3:33  Overlord  
  28  3:37  Pneumatized Carapace  
  28  3:53  Overlord x2  
  28  4:03  Drone  
  28  4:04  Drone x4  
  33  4:10  Zerg Missile Weapons Level 1  
  33  4:30  Drone x3  
  33  4:31  Roach x2  
  40  4:41  Glial Reconstitution  
  40  4:43  Queen  
  42  4:48  Drone  
  42  4:49  Drone  
  44  4:54  Zergling x6  
  47  5:04  Overlord x2  
  47  5:24  Roach x2  
  47  5:25  Roach x4  
  59  5:33  Zergling x8  
  59  5:34  Zergling x2  
  64  5:44  Roach x3  
  64  5:45  Roach  
  64  5:49  Roach  
  74  5:57  Overlord  
  67  6:27  Roach x4  
  67  6:28  Roach x3  
  81  6:38  Overlord x3  
  81  6:41  Extractor  
  80  6:51  Ravager x2  
  55  7:31  Roach x7  
  55  7:32  Roach x4  
  74  7:37  Spawning Pool  
  63  8:12  Roach  
  63  8:13  Roach x4, Drone  
Tags
 
Add a new tag
Caveats
  • Supply blocks, unpowered buildings, or Contaminate may cause inaccurate times.
  • Supply counts are checked every 10 seconds.